AoeStats
← VNS__Pan

African Clearing

510285338Analyzed
4v4 RM · 1d ago on Sep 30, 2026· 51m 9s· 8 players
Game mode
Random Map
Map size
Large (8 player)
Population
200
Speed
Normal
Resources
Standard
Victory
Conquest
Starting age
Dark Age
Ending age
Imperial Age
RankedLock teamsTeams togetherTeam positionsShared explorationLock speedFull tech treeHidden civsTurbo modeCheats
Victory
Defeat
🇨🇳 Mongols · China
1583
+13
🇦🇺 Poles · Australia
1466
+18
🇭🇰 Japanese · Hong Kong SAR China
1432
+18
🇻🇳 Magyars · Vietnam
1432
+19
🇨🇳 Spanish · China
1530
-18
🇧🇪 Hindustanis · Belgium
1507
-17
🇦🇷 Gurjaras · Argentina
1494
-17
🇦🇷 Aztecs · Argentina
1472
-16
[TOX2] A-c-Syno-666
11:47 Loom
14:16 Feudal Age
17:37 Castle Age
17:04 Fletching
27:06 Double-Bit Axe
27:52 Horse Collar
29:16 Wheelbarrow
29:39 Heavy Plow
30:38 Bow Saw
31:25 Bloodlines
32:26 Husbandry
32:33 Scale Barding Armor
34:19 Hand Cart
35:17 Chain Barding Armor
37:19 Forging
38:05 Kshatriyas
37:54 Gold Mining
39:22 Iron Casting
45:10 Imperial Age
45:13 Elite Shrivamsha Rider
46:17 Conscription
46:36 Plate Barding Armor
46:34 Crop Rotation
46:53 Gold Shaft Mining
JanVerplanken
12:50 Feudal Age
14:13 Loom
16:49 Castle Age
15:49 Double-Bit Axe
17:41 Loom
18:20 Light Cavalry
25:27 Husbandry
26:22 Bloodlines
26:35 Forging
26:31 Scale Barding Armor
28:02 Stone Mining
33:14 Imperial Age
32:37 Wheelbarrow
32:19 Padded Archer Armor
34:18 Ballistics
35:01 Chemistry
34:05 Shatagni
35:15 Fortified Wall
36:08 Hand Cart
35:23 Heavy Camel Rider
36:40 Fishing Lines
42:12 Bow Saw
44:37 Chain Barding Armor
44:58 Town Watch
50:05 Two-Man Saw
48:45 Imperial Camel Rider
快乐不易
11:40 Loom
13:31 Feudal Age
12:22 Loom
23:07 Castle Age
23:14 Double-Bit Axe
23:11 Horse Collar
26:12 Castle Age
29:47 Town Watch
elchinaleikazo
4:34 Loom
7:08 Loom
12:34 Feudal Age
13:05 Double-Bit Axe
16:07 Fletching
17:21 Padded Archer Armor
19:35 Town Watch
25:08 Castle Age
25:13 Crossbowman
26:11 Bodkin Arrow
28:22 Ballistics
40:43 Gold Mining
45:06 Imperial Age
45:38 Wheelbarrow
46:39 Arbalester
49:07 Bracer
50:20 Leather Archer Armor
Bleda the Hun
9:53 Loom
13:06 Feudal Age
16:54 Castle Age
15:38 Double-Bit Axe
16:27 Horse Collar
18:04 Bow Saw
24:14 Wheelbarrow
24:32 Heavy Plow
25:36 Hand Cart
26:48 Szlachta Privileges
26:45 Town Watch
27:17 Bloodlines
27:18 Scale Barding Armor
28:18 Chain Barding Armor
29:30 Husbandry
31:43 Forging
32:01 Gold Mining
34:48 Iron Casting
44:19 Imperial Age
44:28 Cavalier
46:12 Blast Furnace
46:57 Conscription
47:17 Hoardings
48:43 Crop Rotation
50:26 Scale Mail Armor
50:02 Pikeman
51:13 Squires
jardan1234
9:27 Loom
11:52 Feudal Age
14:52 Double-Bit Axe
16:08 Fletching
16:40 Padded Archer Armor
20:10 Wheelbarrow
23:04 Castle Age
22:59 Scale Mail Armor
24:43 Horse Collar
27:45 Crossbowman
29:36 Bodkin Arrow
30:06 Town Watch
36:00 Scale Barding Armor
36:27 Ballistics
37:13 Padded Archer Armor
39:45 Gold Mining
39:45 Stone Mining
40:32 Leather Archer Armor
43:21 Imperial Age
42:39 Hand Cart
43:39 Bow Saw
43:35 Treadmill Crane
44:06 Masonry
44:58 Conscription
44:42 Pikeman
45:22 Squires
46:15 Yasama
46:36 Kataparuto
47:11 Fortified Wall
48:07 Chemistry
49:20 Two-Man Saw
48:32 Arbalester
49:55 Bracer
50:32 Ring Archer Armor
49:48 Halberdier
50:46 Capped Ram
52:04 Chain Mail Armor
香辣鸡翅
11:22 Loom
13:07 Feudal Age
14:30 Double-Bit Axe
17:23 Castle Age
15:45 Gold Mining
25:21 Wheelbarrow
24:38 Horse Collar
27:03 Bow Saw
28:38 Fletching
32:29 Imperial Age
31:42 Bloodlines
31:29 Bodkin Arrow
32:44 Ballistics
33:10 Hand Cart
33:31 Conscription
35:02 Bracer
36:07 Chemistry
38:19 Parthian Tactics
37:56 Husbandry
38:21 Elite Mangudai
39:04 Light Cavalry
39:58 Hussar
40:46 Heavy Plow
40:59 Forging
40:54 Scale Barding Armor
40:50 Padded Archer Armor
42:13 Stone Mining
42:59 Gold Shaft Mining
43:28 Iron Casting
44:18 Chain Barding Armor
43:22 Capped Ram
46:13 Blast Furnace
45:29 Leather Archer Armor
45:53 Siege Ram
47:54 Drill
VNS__Pan
8:22 Loom
13:02 Feudal Age
20:22 Bloodlines
29:08 Castle Age
29:06 Double-Bit Axe
40:36 Bow Saw
40:07 Horse Collar
41:36 Heavy Plow
42:25 Wheelbarrow
44:15 Fletching
48:46 Gold Mining
51:44 Hand Cart
51:28 Bodkin Arrow
Connection lost

Rejoining the realm…

Still unreachable

The connection could not be restored.

Session expired

The server has moved on; the page needs a fresh start.